 Dungeon Crawl Stone Soup version 0.24.0-1-gfbc8707122 (webtiles) character file.

Game seed: 2082369627778065715, levelgen mode: deterministic

317 Mrkan the Chopper (level 6, -10/53 HPs)
             Began as a Draconian Fighter on Oct 27, 2019.
             Was an Initiate of Okawaru.
             Mangled by a hornet zombie (12 damage)
             ... on level 4 of the Dungeon.
             The game lasted 00:05:51 (3708 turns).

Mrkan the Chopper (Draconian Fighter)               Turns: 3708, Time: 00:05:51

Health: -10/53     AC:  6    Str: 18    XL:     6   Next: 20%
Magic:  6/6        EV: 10    Int: 10    God:    Okawaru [......]
Gold:   224        SH:  9    Dex: 11    Spells: 5/5 levels left

rFire    . . .     SeeInvis .   a - +0 war axe
rCold    . . .     Gourm    .   b - +0 shield
rNeg     . . .     Faith    .   (armour unavailable)
rPois    .         Spirit   .   (helmet restricted)
rElec    .         Reflect  .   (no cloak)
rCorr    .         Harm     .   (no gloves)
MR       .....                  (no boots)
Stlth    +.........             (no amulet)
HPRegen  0.17/turn              (no ring)
MPRegen  0.10/turn              (no ring)

@: no status effects
A: unfitting armour, cold-blooded, AC +6
a: Renounce Religion


You were on level 4 of the Dungeon.
You worshipped Okawaru.
Okawaru was noncommittal.
You were not hungry.

You visited 1 branch of the dungeon, and saw 4 of its levels.

You collected 224 gold pieces.

Inventory:

Hand Weapons
 a - a +0 war axe (weapon)
Armour
 b - a +0 shield (worn)
Jewellery
 p - a +2 ring of strength
Wands
 v - a wand of flame (8)
Scrolls
 e - 2 scrolls of amnesia {unknown}
 f - 2 scrolls of teleportation {unknown}
 h - a scroll of enchant weapon {unknown}
 i - a scroll of fog {unknown}
 j - a scroll of random uselessness {unknown}
 k - a scroll of remove curse {unknown}
 o - 2 scrolls of enchant armour {unknown}
 s - a scroll of identify {unknown}
 t - a scroll of fear {unknown}
 u - a scroll of immolation {unknown}
Potions
 c - 3 potions of might
 g - a potion of haste {unknown}
 l - a potion of curing
 m - a potion of cancellation {unknown}
 n - 2 potions of brilliance
 q - a potion of ambrosia {unknown}
Comestibles
 d - 5 rations


   Skills:
 + Level 4.7 Fighting
 * Level 4.8 Axes
 - Level 2.6 Dodging
 + Level 4.3 Shields


You had 5 spell levels left.
You didn't know any spells.
Your spell library contained the following spells:

 Spells                   Type           Power        Failure   Level  Hunger
 Corona                   Hex            #......      83%         1    ##.....
 Ensorcelled Hibernation  Hex/Ice        #.....       92%         2    ###....
 Confuse                  Hex            #.......     99%         3    ####...
 Dazzling Spray           Conj/Hex       #.....       99%         3    ####...
 Tukima's Dance           Hex            #.......     99%         3    ####...


Dungeon Overview and Level Annotations

Branches:
Dungeon (4/15)
 Temple: D:4-7

Altars:
Okawaru


Innate Abilities, Weirdness & Mutations

Your plain brown scales are hard. (AC +6)
You cannot fit into any form of body armour.
You are cold-blooded and may be slowed by cold attacks.


Message History

You slash the jackal!
You kill the jackal!
Okawaru accepts your kill.
You closely miss the jackal. The jackal bites you.
A worker ant comes into view.
An ogre comes into view. It is wielding a +0 giant club.
The ogre shouts!
The worker ant twitches its antennae in your direction.
You slash the hornet zombie!
The hornet zombie is heavily damaged.
You closely miss the jackal.
The jackal bites you but does no damage.
The hornet zombie hits you! The jackal barely misses you.
The hornet zombie hits you!
* * * LOW HITPOINT WARNING * * *
You slash the jackal!
You kill the jackal!
Okawaru accepts your kill.
You slash the hornet zombie! The hornet zombie hits you!
You die...

#.# ...# #.# #.#.##
#.#########....###.
#.#..........#.....
#.#.#####.......#..
###.##.#.###......#...
.............>......#
#+###..#.###.......##
#..#.# #...#@###
#..#.# #...#Z# #..#.#
#...#h#.#.# #.##.#
#.........# #. ..#
#.........# ## ###
#..a...<..# #
....O......# ##
..h##..#.#..... .#
.... #..#.#.#.#.#


You could see an ogre, a worker ant, a hornet zombie and a jackal.

Vanquished Creatures
  A scorpion (D:4)
  3 centaur skeletons
  An iguana (D:4)
  A worker ant (D:2)
  4 adders
  An ooze (D:3)
  An adder skeleton (D:4)
  2 worms (D:3)
  A dart slug (D:3)
  4 leopard geckos
  6 orcs (D:3)
  A ball python (D:3)
  3 giant cockroaches
  13 goblins
  9 hobgoblins
  2 jackals (D:4)
  A quokka (D:4)
  6 bats
  9 frilled lizards
  7 kobolds
  A leopard gecko skeleton (D:4)
  6 rats
83 creatures vanquished.

Notes
Turn   | Place    | Note
-------+----------+-------------------------------------------
     0 | D:1      | Mrkan the Draconian Fighter began the quest for the Orb.
     0 | D:1      | Reached XP level 1. HP: 19/19 MP: 1/1
   158 | D:1      | Reached XP level 2. HP: 26/26 MP: 2/2
   779 | D:2      | HP: 1/26 [poisoned by an adder]
  1008 | D:2      | Reached XP level 3. HP: 20/33 MP: 3/3
  1225 | D:2      | HP: 1/33 [poisoned by a worker ant]
  1692 | D:2      | Reached XP level 4. HP: 40/40 MP: 4/4
  2545 | D:3      | Reached XP level 5. HP: 46/46 MP: 5/5
  3334 | D:4      | Found an iron altar of Okawaru.
  3382 | D:4      | Reached XP level 6. HP: 29/53 MP: 6/6
  3585 | D:4      | Became a worshipper of Warmaster Okawaru
  3707 | D:4      | HP: 2/53 [hornet zombie (14)]
  3708 | D:4      | Mangled by a hornet zombie

Levels and vault maps discovered:
D:1:      minmay_arrival_four_circles, layout_loops_ring
D:2:      layout_loops_cross
D:3:      kb_forest_paths, layout_loops_ring, guppyfry_early_orc_mine
D:4:      layout_basic, grunt_temple_overflow_holy_war, old_standard_altar,
          first_ration, minmay_misc_feat_five, okawaru_altar_gauntlet_db

Skill      XL: |  1  2  3  4  5 |
---------------+----------------+-----
Axes           | 3 4 |  4.8
Fighting       | 4 |  4.7
Shields        | 4 |  4.3
Dodging        | |  2.6

Action                   |  1- 3 |  4- 6 || total
-------------------------+-------+-------++-------
Melee: War axe           |    79 |   186 ||   265
       Tailslap          |     8 |    26 ||    34
  Use: Potion            |     5 |       ||     5
 Stab: Sleeping          |       |     2 ||     2
       Distracted        |       |     1 ||     1
  Eat: Chunk             |     2 |     7 ||     9
Armor: Skin              |    20 |    49 ||    69
Dodge: Dodged            |    53 |    86 ||   139
Block: Shield            |    33 |    98 ||   131
